 Dungeon Crawl Stone Soup version 0.29.1 (webtiles) character file.

Game seed: 13433392808114434123

4303 masschaos23 the Cleaver (level 10, -22/86 HPs)
             Began as a Hill Orc Fighter on Sept 14, 2022.
             Was a Priest of Beogh.
             Annihilated by a two-headed ogre
             ... wielding a +0 giant spiked club of flaming
              (37 damage)
             ... on level 8 of the Dungeon.
             The game lasted 00:27:26 (10103 turns).

masschaos23 the Cleaver (Hill Orc Fighter)         Turns: 10103, Time: 00:27:28

Health: -22/86     AC: 15    Str: 30    XL:     10   Next: 32%
Magic:  10/10      EV:  8    Int: 14    God:    Beogh [***...]
Gold:   1121       SH:  6    Dex: 10    Spells: 9/9 levels left

rFire   . . .      SeeInvis .   i - +5 war axe (vamp)
rCold   . . .      Faith    .   c - +1 buckler
rNeg    . . .      Spirit   .   w - +0 plate armour
rPois   .          Reflect  .   u - +0 helmet
rElec   .          Harm     +   Q - scarf {harm}
rCorr   .          Rampage  .   (no gloves)
Will    .....                   (no boots)
Stlth   ..........              (no amulet)
HPRegen 0.24/turn               o - +6 ring of intelligence
MPRegen 0.12/turn               n - +6 ring of strength

@: no status effects
A: deterioration 1
a: Renounce Religion, Smiting


You were on level 8 of the Dungeon.
You worshipped Beogh.
Beogh was most pleased with you.
You visited 1 branch of the dungeon, and saw 8 of its levels.

You collected 1658 gold pieces.
You spent 537 gold pieces at shops.

Inventory:

Hand Weapons
 a - a +1 war axe
 d - a +0 short sword of distortion
 i - a +5 vampiric war axe (weapon)
Missiles
 x - 25 poisoned darts (quivered)
 I - 3 throwing nets
 L - 6 javelins
Armour
 b - a +0 scale mail
 c - a +1 buckler (worn)
 u - a +0 helmet (worn)
 w - a +0 plate armour (worn)
 O - +0 steam dragon scales
 P - a +4 ring mail of fire resistance
 Q - a scarf of harm (worn)
Jewellery
 n - a +6 ring of strength (right hand)
 o - a +6 ring of intelligence (left hand)
 C - an amulet of the acrobat
Wands
 k - a wand of quicksilver (7)
 m - a wand of roots (12)
 t - a wand of digging (9)
 F - a wand of paralysis (7)
Scrolls
 f - 4 scrolls of teleportation
 h - 3 scrolls of blinking
 p - 2 scrolls of amnesia
 y - a scroll of acquirement
 A - 2 scrolls of magic mapping
 D - 3 scrolls of poison
 E - 3 scrolls of fear
 H - 2 scrolls of enchant armour
 K - a scroll of vulnerability
 M - a scroll of torment
 N - a scroll of identify
Potions
 e - 5 potions of curing
 g - 3 potions of brilliance
 j - a potion of flight {unknown}
 l - a potion of attraction {unknown}
 q - a potion of haste {unknown}
 r - 4 potions of lignification
 s - 2 potions of cancellation {unknown}
 v - a potion of ambrosia {unknown}
 z - a potion of degeneration {unknown}
 B - 2 potions of heal wounds
 G - a potion of invisibility {unknown}
 J - a potion of might


   Skills:
 + Level 7.6 Fighting
 + Level 13.6 Axes
 + Level 1.2 Throwing
 + Level 8.0 Armour
 - Level 1.8 Dodging
 - Level 1.8 Stealth
 + Level 5.5 Shields


You had 9 spell levels left.
You didn't know any spells.
Your spell library contained the following spells:

 Spells                   Type           Power      Damage    Failure   Level
 Apportation              Tloc           0%         N/A       96%         1
 Freeze                   Ice            0%         1d3       96%         1
 Necrotise                Necr           0%         1d4       96%         1
 Slow                     Hex            0%         N/A       96%         1
 Summon Small Mammal      Summ           0%         N/A       96%         1
 Sublimation of Blood     Necr           0%         N/A       99%         2
 Wereblood                Tmut           0%         N/A       99%         2
 Confusing Touch          Hex            0%         N/A       100%        3
 Frozen Ramparts          Ice            0%         1d1       100%        3
 Vampiric Draining        Necr           0%         2d6       100%        3
 Hailstorm                Conj/Ice       0%         3d3       100%        4
 Ice Form                 Ice/Tmut       0%         N/A       100%        4
 Summon Ice Beast         Ice/Summ       0%         N/A       100%        4
 Summon Hydra             Summ           0%         N/A       100%        7


Dungeon Overview and Level Annotations

Branches:
Dungeon (8/15)             Temple (0/1) D:6
   Lair: D:8-11

Altars:
Cheibriados
Kikubaaqudgha
Trog
Vehumet
Xom

Shops:
D:2 *   D:6 !   D:7 ?:?(

Annotations:
D:8 1 transporter, Itachiuchiha's ghost, novice MiFi


Innate Abilities, Weirdness & Mutations

Your body sometimes deteriorates upon taking damage.


Message History

You swap places.
There is a transporter here.
You enter the transporter and appear at another place.
The two-headed ogre shouts in stereo!
The ogre shouts!
The gnoll sergeant shouts!
The moth of wrath's fur bristles in rage as it notices you.
The moth of wrath goads the two-headed ogre on!
The two-headed ogre goes berserk!
Itachiuchiha's ghost hits you but does no damage.
Your orc wizard barely misses Itachiuchiha's ghost.
You hit Itachiuchiha's ghost.
Itachiuchiha's ghost is lightly damaged.
Itachiuchiha's ghost hits you but does no damage.
Your orc wizard closely misses Itachiuchiha's ghost.
You slash Itachiuchiha's ghost!
Itachiuchiha's ghost is moderately damaged.
You hit the two-headed ogre. You block the two-headed ogre's attack.
The two-headed ogre hits you with a +0 giant club of flaming!
The two-headed ogre burns you.
Itachiuchiha's ghost hits you but does no damage.
Your orc wizard hits Itachiuchiha's ghost but does no damage.
The gnoll sergeant closely misses you.
You slash the two-headed ogre!
You feel better.
The two-headed ogre is moderately wounded.
You completely miss Itachiuchiha's ghost.
The moth of wrath goads the ogre on!
The ogre goes berserk!
The two-headed ogre misses you. The two-headed ogre closely misses you.
Your orc wizard barely misses Itachiuchiha's ghost.
You block Itachiuchiha's ghost's attack.
You block the gnoll sergeant's attack.
The moth of wrath closely misses your orc wizard.
You hear a shout!
You slice the two-headed ogre!!
The two-headed ogre is heavily wounded.
You barely miss Itachiuchiha's ghost.
The two-headed ogre hits you with a +0 giant spiked club of flaming!!
The two-headed ogre burns you!
* * * LOW HITPOINT WARNING * * *
The two-headed ogre hits you with a +0 giant club of flaming!!
You die...

### #.. ######### #.. ........###
############ #####..
.######...####.....#....# #......
.### ###.......©.......# #......
...#######....#####.....# #......
............###.@O###...###......
##.........###g.oWO.##..'........
.....###...#.O###y...#...##......
..........##.# .....##..##......
..........#.. g.....#..##......
..........#. ._.##..#..##......
..........#. ...≈#..#....######
..........## #.###.##..#.#
...........# ##...###...#.######


You could see a two-headed ogre (berserk), a moth of wrath, 2 ogres, a gnoll
sergeant, Itachiuchiha's ghost (ally target) and a friendly orc wizard.

Vanquished Creatures
  Sigmund (D:3)
  A steam dragon (D:8)
  Menkaure (D:4)
  2 water moccasins
  4 orc warriors
  A sky beast (D:7)
  An ice beast (D:6)
  2 black bears
  4 ogres
  4 centaurs
  The ghost of Zonian the Ducker, an amateur DsGl (D:3)
  A phantom (D:5)
  The ghost of hilljack the Ruffian, an amateur GrTm of Kikubaaqudgha (D:4)
  2 kobold brigands
  A bullfrog (D:8)
  2 necrophages
  3 scorpions
  7 crimson imps (D:8)
  4 howler monkeys
  2 jellies
  6 gnoll boudas
  7 orc priests
  A hound (D:6)
  An iguana (D:4)
  8 orc wizards
  Robin (D:3)
  23 gnolls
  5 adders
  A shadow imp (D:7)
  3 white imps
  2 ufetubi
  4 worms
  2 dart slugs
  27 orcs
  8 ball pythons
  7 endoplasms
  2 giant cockroaches
  38 goblins
  31 hobgoblins
  5 jackals
  6 quokkas
  5 bats
  3 frilled lizards
  18 kobolds
  11 rats
  A bush (D:8)
271 creatures vanquished.

Vanquished Creatures (collateral kills)
  An orc (D:8)
1 creature vanquished.

Vanquished Creatures (others)
  3 orcs
  6 fungi (D:7)
  14 plants (D:7)
23 creatures vanquished.

Grand Total: 295 creatures vanquished

Notes
Turn   | Place    | Note
-------+----------+-------------------------------------------
     0 | D:1      | masschaos23 the Hill Orc Fighter began the quest for the
                  | Orb.
     0 | D:1      | Reached XP level 1. HP: 19/19 MP: 1/1
   294 | D:1      | Reached XP level 2. HP: 27/27 MP: 2/2
   643 | D:1      | Found a faded altar of an unknown god.
   993 | D:2      | Reached skill level 3 in Axes
   993 | D:2      | Reached XP level 3. HP: 7/33 MP: 3/3
  1684 | D:2      | Found Fal Faz's Assorted Antiques.
  2161 | D:3      | Found a runed translucent gate.
  2161 | D:3      | Noticed Zonian's ghost (amateur DsGl)
  2162 | D:3      | Noticed a kobold brigand
  2167 | D:3      | Found a runed translucent gate.
  2168 | D:3      | Found a runed translucent gate.
  2176 | D:3      | Reached XP level 4. HP: 40/40 MP: 4/4
  2283 | D:3      | Noticed Robin
  2285 | D:3      | Reached skill level 4 in Axes
  2293 | D:3      | Killed Robin
  2464 | D:3      | Noticed Sigmund
  2471 | D:3      | Killed Sigmund
  2472 | D:3      | Reached skill level 5 in Axes
  2472 | D:3      | Reached XP level 5. HP: 41/47 MP: 5/5
  2589 | D:3      | Reached XP level 6. HP: 48/53 MP: 6/6
  2609 | D:3      | Reached skill level 6 in Axes
  3083 | D:3      | Reached skill level 1 in Dodging
  3811 | D:3      | Found a shimmering altar of Xom.
  4248 | D:3      | Identified 2 scrolls of acquirement
  4248 | D:3      | Acquired 1095 gold pieces
  4287 | D:3      | Acquired a +4 vorpal war axe
  4304 | D:3      | Killed Zonian's ghost
  4305 | D:3      | Reached skill level 7 in Axes
  4305 | D:3      | Reached XP level 7. HP: 45/60 MP: 7/7
  4306 | D:3      | Reached skill level 5 in Armour
  4419 | D:4      | Found a runed translucent gate.
  4419 | D:4      | Found a runed translucent gate.
  4419 | D:4      | Found a runed translucent gate.
  4422 | D:4      | Noticed hilljack's ghost (amateur GrTm)
  4592 | D:4      | Reached skill level 5 in Fighting
  4756 | D:4      | Killed hilljack's ghost
  4757 | D:4      | Reached skill level 8 in Axes
  4999 | D:4      | Reached XP level 8. HP: 65/68 MP: 8/8
  5107 | D:4      | Noticed Menkaure
  5112 | D:4      | Killed Menkaure
  5113 | D:4      | Reached skill level 9 in Axes
  5394 | D:5      | Entered Level 5 of the Dungeon
  5848 | D:5      | Became a worshipper of Beogh the Brigand
  6328 | D:6      | Reached skill level 10 in Axes
  6501 | D:6      | Reached XP level 9. HP: 72/75 MP: 9/9
  6537 | D:6      | Found a snail-covered altar of Cheibriados.
  6542 | D:6      | Found an ancient bone altar of Kikubaaqudgha.
  6630 | D:6      | Found Guehevot's Distillery.
  6658 | D:6      | Found a staircase to the Ecumenical Temple.
  6678 | D:6      | Reached skill level 1 in Stealth
  6853 | D:6      | Reached * piety under Beogh
  7181 | D:2      | Bought a scroll labelled HOUR YSMAHICUA for 32 gold pieces
  7181 | D:2      | Bought a viscous cyan potion for 28 gold pieces
  7181 | D:2      | Bought a scroll of enchant armour for 240 gold pieces
  7238 | D:6      | Bought a potion of curing for 33 gold pieces
  7238 | D:6      | Bought a potion of curing for 33 gold pieces
  7238 | D:6      | Bought a potion of lignification for 33 gold pieces
  7254 | D:7      | Reached skill level 11 in Axes
  7297 | D:7      | Found Poesetok's Magic Scroll Shop.
  7307 | D:7      | Bought a scroll of enchant armour for 90 gold pieces
  7307 | D:7      | Bought a scroll of identify for 24 gold pieces
  7307 | D:7      | Bought a scroll of identify for 24 gold pieces
  7311 | D:7      | Gained mutation: You have a pair of small antennae on your
                  | head. [potion of mutation]
  7312 | D:7      | Lost mutation: You have a pair of small antennae on your
                  | head. [potion of mutation]
  7312 | D:7      | Gained mutation: Your body sometimes deteriorates upon
                  | taking damage. [potion of mutation]
  7849 | D:7      | Reached skill level 12 in Axes
  7854 | D:7      | Found Ishranegh's Magic Scroll Boutique.
  7855 | D:7      | Found Areome's Antique Weapon Boutique.
  7942 | D:7      | Found Baurudon's Book Boutique.
  8022 | D:7      | Reached ** piety under Beogh
  8118 | D:7      | Reached skill level 5 in Shields
  8247 | D:7      | Reached skill level 13 in Axes
  8247 | D:7      | Reached XP level 10. HP: 72/86 MP: 10/10
  9042 | D:8      | Noticed Itachiuchiha's ghost (novice MiFi)
  9043 | D:8      | Noticed a two-headed ogre
  9045 | D:8      | Found a bloodstained altar of Trog.
  9045 | D:8      | Noticed a moth of wrath
  9332 | D:8      | Reached *** piety under Beogh
  9333 | D:8      | Reached skill level 1 in Throwing
  9603 | D:8      | Found a transporter.
  9606 | D:8      | Found a transporter.
 10018 | D:8      | Found a radiant altar of Vehumet.
 10103 | D:8      | Annihilated by a two-headed ogre

Illustrated notes

Levels and vault maps discovered:
D:1:      spicycebolla_green_bress_n_ham_2, layout_basic,
          nicolae_ecumenical_lake_church
D:2:      layout_loops_ring, serial_shops, nicolae_shop_statue_plus,
          minmay_misc_feat_cross, nrook_mini_vaults, kennysheep_generic_room_3
D:3:      minmay_goblin_kobold_castle, layout_loops_ring,
          overflow_temple_1_default, gammafunk_ghost_nasty_kobolds,
          kennysheep_crisscross, palyth_stone_intersect, minmay_three_crescents,
          uniq_robin, uniq_sigmund
D:4:      layout_loops_ring, gammafunk_ghost_split, portal_sewer_entry_b,
          hangedman_decor_clover_reticule, minmay_distorted, uniq_menkaure
D:5:      layout_loops_ring, minmay_misc_feat_roman,
          chequers_serial_rivers_micro_e, guppyfry_early_orc_mine
D:6:      layout_rooms, minitemple, minmay_temple_entry_statues_fountains,
          serial_shops, nicolae_shop_advertising_works
          [nicolae_subvault_shop_adworks]
D:7:      kennysheep_seaside_town, layout_loops_ring, serial_shops,
          nicolae_lakefront_shop, nicolae_take_the_stairs,
          nicolae_shop_competitors_out_of_business, shop_fountains
D:8:      layout_basic, nicolae_overflow_hidden_temple,
          gammafunk_ghost_wrathful_warriors, kb_lookout_dungeons_type,
          minmay_nine_imps

Skill      XL: |  1  2  3  4  5  6  7  8  9 10 |
---------------+-------------------------------+-----
Axes           | 3 5 7 8 10 13 | 13.6
Armour         | 4 5 6 7 8 |  8.0
Fighting       | 4 5 6 7 |  7.6
Shields        | 4 5 |  5.5
Dodging        | 1 |  1.8
Stealth        | 1 |  1.8
Throwing       | 1 |  1.2

Action                   |  1- 3 |  4- 6 |  7- 9 | 10-12 || total
-------------------------+-------+-------+-------+-------++-------
Melee: War axe           |   114 |   168 |   255 |    66 ||   603
Throw: Dart              |       |       |     5 |    11 ||    16
Invok: Convert to Beogh  |       |       |     1 |       ||     1
Evoke: Wand              |       |       |     1 |     1 ||     2
  Use: Scroll            |     8 |     5 |     8 |       ||    21
       Potion            |       |     2 |     2 |       ||     4
Armor: Scale mail        |    57 |   115 |    42 |       ||   214
       Plate armour      |       |       |    58 |    22 ||    80
Dodge: Dodged            |    51 |    98 |    97 |    20 ||   266
Block: Buckler           |    15 |    71 |    68 |    21 ||   175
